 Dungeon Crawl Stone Soup version 0.27-a0-1555-g0e7b3fb1d2 (webtiles) character file.

Game seed: 11415710168944193195

28 octoduck the Caller (level 3, -1/26 HPs)
             Began as a Hill Orc Summoner on July 15, 2021.
             Slain by Natasha (2 damage)
             ... on level 2 of the Dungeon.
             The game lasted 00:03:12 (1929 turns).

octoduck the Caller (Hill Orc Summoner)             Turns: 1929, Time: 00:03:13

Health: -1/26      AC:  2    Str: 10    XL:     3   Next: 14%
Magic:  3/5        EV: 12    Int: 16    God:
Gold:   27         SH:  0    Dex: 11    Spells: 4/5 levels left

rFire    . . .     SeeInvis .   b - +1 dagger
rCold    . . .     Faith    .   (no shield)
rNeg     . . .     Spirit   .   a - +0 robe
rPois    .         Reflect  .   (no helmet)
rElec    .         Harm     .   (no cloak)
rCorr    .         Rampage  .   (no gloves)
Will     .....                  (no boots)
Stlth    ++........             (no amulet)
HPRegen  0.08/turn              (no ring)
MPRegen  0.09/turn              (no ring)

@: no status effects
A: no striking features
a: no special abilities


You were on level 2 of the Dungeon.
You visited 1 branch of the dungeon, and saw 2 of its levels.

You collected 27 gold pieces.

Inventory:

Hand Weapons
 b - a +1 dagger (weapon)
Armour
 a - a +0 robe (worn)
Jewellery
 f - a ring of fire
 i - a ring of resist corrosion
Potions
 c - a potion of attraction {unknown}
 d - 2 potions of degeneration {unknown}
 e - a potion of magic {unknown}
 g - 2 potions of curing {unknown}
 h - a potion of invisibility {unknown}


   Skills:
 - Level 1.5 Dodging
 - Level 1.5 Stealth
 - Level 1.5 Spellcasting
 + Level 5.0 Summonings


You had 4 spell levels left.
You knew the following spells:

 Your Spells              Type           Power      Damage    Failure   Level
a - Summon Small Mammal   Summ           68%        N/A       2%          1

Your spell library contained the following spells:

 Spells                   Type           Power      Damage    Failure   Level
 Call Imp                 Summ           17%        N/A       4%          2
 Call Canine Familiar     Summ           17%        N/A       9%          3
 Summon Guardian Golem    Hex/Summ       9%         N/A       24%         3
 Summon Lightning Spire   Summ/Air       9%         N/A       61%         4
 Animate Dead             Necr           0%         N/A       91%         4
 Haunt                    Necr/Summ      4%         N/A       100%        7
 Infestation              Necr           0%         N/A       100%        8


Dungeon Overview and Level Annotations

Branches:
Dungeon (2/15)

Altars:

Annotations:
D:2 Natasha


Message History

Your quokka bites Natasha but does no damage.
Natasha claws you.
Your quokka closely misses Natasha.
The iron imp barely misses you. Natasha claws you.
Your rat bites the iron imp but does no damage.
You hit Natasha.
Natasha is moderately wounded.
Your quokka bites Natasha.
The iron imp closely misses you. Natasha claws you.
Your rat bites the iron imp but does no damage.
Unknown command.
You closely miss Natasha.
Natasha is heavily wounded.
Your quokka bites Natasha.
The iron imp hits you but does no damage.
Natasha extends her claws.
Natasha closely misses you.
Your quokka bites Natasha but does no damage.
Your rat barely misses the iron imp.
You closely miss Natasha.
Natasha is heavily wounded.
Your quokka misses Natasha. Natasha claws you but does no damage.
Your rat bites the iron imp.
The iron imp hits you but does no damage.
Unknown command.
You hit Natasha but do no damage.
Natasha is heavily wounded.
Your quokka barely misses Natasha.
Natasha stares at you and mumbles some strange words.
The magic dart hits you!
Your rat barely misses the iron imp.
Unknown command.
You closely miss Natasha.
Natasha is heavily wounded.
The iron imp hits you.
Your quokka barely misses Natasha.
Natasha misses you.
Your rat bites the iron imp.
You hit Natasha but do no damage.
Natasha is heavily wounded.
Your quokka barely misses Natasha.
The iron imp hits you!
* * * LOW HITPOINT WARNING * * *
Natasha claws you.
You die...

#.# #.#.## #.#
#.....
#.#######
####.##
#........
.....##
#..######
####.. #..#
#... #..# #.รท.
#..# #...w....
#@r# #.####.#.
......h.5......
#...
......r..######
###. ###.###.##
#. # #.# #> ...
#. ... ...


You could see an iron imp (summoned, ally target), Natasha (ally target), a
friendly quokka (summoned) and a friendly rat (summoned).

Vanquished Creatures
  An adder (D:2)
  A worm (D:2)
  2 hobgoblins (D:1)
  A quokka (D:1)
  A ball python (D:1)
  3 bats
  2 goblins
  3 rats
14 creatures vanquished.

Vanquished Creatures (collateral kills)
  An endoplasm (D:1)
  2 bats (D:2)
  A frilled lizard (D:1)
  2 kobolds (D:1)
  2 rats (D:1)
8 creatures vanquished.

Grand Total: 22 creatures vanquished

Notes
Turn   | Place    | Note
-------+----------+-------------------------------------------
     0 | D:1      | octoduck the Hill Orc Summoner began the quest for the Orb.
     0 | D:1      | Reached XP level 1. HP: 14/14 MP: 3/3
   258 | D:1      | Found a faded altar of an unknown god.
   521 | D:1      | Reached XP level 2. HP: 19/20 MP: 2/4
  1580 | D:2      | Reached XP level 3. HP: 19/26 MP: 2/5
  1632 | D:2      | Reached skill level 5 in Summonings
  1919 | D:2      | Noticed Natasha
  1929 | D:2      | HP: 1/26 [iron imp[Natasha] (8)]
  1929 | D:2      | Slain by Natasha

Illustrated notes

Levels and vault maps discovered:
D:1:      dpeg_arrival_signposts, layout_loops_ring,
          ebering_ecumenical_altar_rust
D:2:      layout_loops_ring, hangedman_glass_teeth, uniq_natasha

Skill      XL: |  1  2  3 |
---------------+----------+-----
Summonings     | 5 |  5.0
Dodging        | |  1.5
Stealth        | |  1.5
Spellcasting   | |  1.5

Action                   || total
-------------------------++-------
Melee: Dagger            ||    56
       Unarmed           ||     4
 Cast: Summon Small Mamm ||    21
  Use: Scroll            ||     2
 Stab: Sleeping          ||     1
Armor: Robe              ||    24
Dodge: Dodged            ||    38

Table legend: (Time is in decaauts)
 A = Elapsed time spent in this place.
 B = Non-inter-level travel time spent in this place.
 C = Inter-level travel time spent in this place.
 D = Time resting spent in this place.
 E = Time spent auto-exploring this place.
 F = Levels seen in this place.
 G = Mean time per level.
                   A        B        C        D        E       F      G
               +--------+--------+--------+--------+--------+-----+--------+
         Total |   1928 |   1899 |     29 |    867 |    784 |   2 |  964.0 |
       Dungeon |   1928 |   1899 |     29 |    867 |    784 |   2 |  964.0 |
               +--------+--------+--------+--------+--------+-----+--------+

Top non-repeatable levels by time:
     D:1: 1396 daAuts
     D:2: 531 daAuts
